 Dungeon Crawl Stone Soup version 0.25.0-9-g26727b657a (console) character file.

Game seed: 14540705633886687415

13650 Kagalorn the Nimble (level 12, -20/93 HPs)
             Began as a Gnoll Gladiator on June 19, 2020.
             Was an Initiate of Gozag.
             Killed from afar by a necromancer (58 damage)
             ... with a bolt of cold
             ... on level 10 of the Dungeon.
             The game lasted 00:29:17 (14723 turns).

Kagalorn the Nimble (Gnoll Gladiator)              Turns: 14723, Time: 00:29:19

Health: -20/93     AC: 20    Str: 21    XL:     12   Next: 8%
Magic:  10/10      EV: 10    Int: 16    God:    Gozag
Gold:   2076       SH: 11    Dex: 18    Spells: 24/24 levels left

rFire    . . .     SeeInvis .   X - +10 falchion {antimagic, rC- Int+4 Dex+2}
rCold    x . .     Gourm    .   z - +0 kite shield
rNeg     . . .     Faith    .   D - +0 plate armour
rPois    .         Spirit   .   c - +0 helmet
rElec    .         Reflect  .   x - +0 cloak
rCorr    .         Harm     .   (no gloves)
MR       .....                  o - +0 pair of boots
Stlth    ..........             (no amulet)
HPRegen  0.25/turn              i - +4 ring of protection
MPRegen  0.12/turn              s - ring of magical power

@: no status effects
A: distributed training, fangs 1, strong nose
a: Potion Petition, Call Merchant, Bribe Branch, Renounce Religion


You were on level 10 of the Dungeon.
You worshipped Gozag.
Gozag was most pleased with you.
You were not hungry.

You visited 2 branches of the dungeon, and saw 11 of its levels.
You also visited: Sewer.

You collected 2101 gold pieces.
You paid 25 gold pieces to Gozag.

Inventory:

Hand Weapons
 a - a +0 long sword
 X - the +10 falchion of the Radish (weapon) {antimagic, rC- Int+4 Dex+2}
   (You found it on level 10 of the Dungeon)

   It reduces the magical energy of the wielder, and disrupts the spells and
   magical abilities of those hit.
   Natural abilities and divine invocations are not affected.
   It affects your intelligence (+4).
   It affects your dexterity (+2).
   It makes you vulnerable to cold.
Missiles
 b - a datura-tipped dart (quivered)
 d - 7 throwing nets
 e - 270 stones
 h - 151 arrows
 l - 113 bolts
 A - 12 javelins
 H - 67 sling bullets
 Y - 8 atropa-tipped darts
Armour
 c - a +0 helmet (worn)
 o - a +0 pair of boots (worn)
 v - a +2 tower shield
 x - a +0 cloak (worn)
 z - a +0 kite shield (worn)
 D - a +0 plate armour (worn)
Jewellery
 i - a +4 ring of protection (left hand)
 s - a ring of magical power (right hand)
 M - an uncursed ring of protection from magic {unknown}
 N - a +4 ring of evasion {unknown}
 P - an uncursed ring of fire {unknown}
Wands
 G - a wand of flame (35)
Scrolls
 g - 5 scrolls of remove curse {unknown}
 k - 2 scrolls of magic mapping {unknown}
 m - 3 scrolls of amnesia {unknown}
 p - 5 scrolls of fog {unknown}
 y - 8 scrolls of teleportation
 I - 2 scrolls of blinking {unknown}
 O - a scroll of enchant armour {unknown}
 Q - a scroll of random uselessness {unknown}
 R - a scroll of fear {unknown}
 U - a scroll of identify
 V - a scroll of vulnerability {unknown}
 W - a scroll of immolation {unknown}
Potions
 j - 4 potions of cancellation
 n - a potion of heal wounds
 q - a potion of berserk rage
 r - 2 potions of might
 u - a potion of haste
 w - 3 potions of flight
 B - 3 potions of curing
 C - 2 potions of magic
 E - 2 potions of lignification
 F - a potion of mutation
 K - 2 potions of brilliance
 L - a potion of stabbing
 S - a potion of resistance {unknown}
Miscellaneous
 T - a phantom mirror
Comestibles
 f - 13 rations


   Skills:
 + Level 8.3 Fighting
 + Level 6.8 Short Blades
 + Level 9.5 Long Blades
 + Level 6.8 Axes
 + Level 6.8 Maces & Flails
 + Level 6.8 Polearms
 + Level 6.8 Staves
 + Level 6.8 Slings
 + Level 6.8 Bows
 + Level 6.8 Crossbows
 + Level 8.3 Throwing
 + Level 6.8 Armour
 + Level 9.5 Dodging
 + Level 6.8 Stealth
 + Level 6.8 Shields
 + Level 6.8 Unarmed Combat
 + Level 6.8 Spellcasting
 + Level 5.6 Conjurations
 + Level 5.6 Hexes
 + Level 5.6 Charms
 + Level 5.6 Summonings
 + Level 5.6 Necromancy
 + Level 5.6 Translocations
 + Level 5.6 Transmutations
 + Level 5.6 Fire Magic
 + Level 5.6 Ice Magic
 + Level 5.6 Air Magic
 + Level 5.6 Earth Magic
 + Level 5.6 Poison Magic
 + Level 7.4 Invocations
 + Level 6.8 Evocations


You had 24 spell levels left.
You didn't know any spells.
Your spell library contained the following spells:

 Spells                   Type           Power        Failure   Level  Hunger
 Corona                   Hex            ###....      56%         1    None
 Magic Dart               Conj           ###.         56%         1    None
 Blink                    Tloc           N/A          71%         2    None
 Call Imp                 Summ           ###.....     71%         2    None
 Ensorcelled Hibernation  Hex/Ice        ###...       71%         2    None
 Slow                     Hex            ###.....     71%         2    None
 Confusing Touch          Hex            ###.....     91%         3    ##.....
 Conjure Flame            Conj/Fire      ###.....     91%         3    ##.....
 Dazzling Flash           Conj/Hex       ###...       91%         3    ##.....
 Mephitic Cloud           Conj/Pois/Air  ###.....     91%         3    ##.....
 Tukima's Dance           Hex            ###.....     91%         3    ##.....


Dungeon Overview and Level Annotations

Branches:
Dungeon (10/15)            Temple (1/1) D:7            Lair (0/6) D:9
  Sewer (visited)
    Orc: D:9-12

Altars:
Ashenzari
Cheibriados
Dithmenos
Elyvilon
Fedhas
Gozag
Hepliaklqana
Kikubaaqudgha
Makhleb
Nemelex Xobeh
Okawaru
Qazlal
Ru
Sif Muna
Trog
Uskayaw
Vehumet
Wu Jian
Xom
Yredelemnul
Zin
The Shining One

Shops:
D:6 *

Annotations:
D:4 Sigmund


Innate Abilities, Weirdness & Mutations

Your experience applies equally to all skills.
You have very sharp teeth.
Your uncanny sense of smell can sniff out nearby items.


Message History

The necromancer resists.
The necromancer casts a spell.
The necromancer binds the souls of nearby monsters.
You hear a shout!
Throwing (i - inventory. (/) - cycle)
b - 3 datura-tipped darts (quivered)
Press: ? - help, Shift-Dir - straight line, f/p - necromancer
Aim: a necromancer, wielding a +0 dagger and wearing a +0 robe (chance to frenzy on hit: 44%)
You throw a datura-tipped dart.
The datura-tipped dart barely misses the necromancer.
Throwing (i - inventory. (/) - cycle)
b - 2 datura-tipped darts (quivered)
Press: ? - help, Shift-Dir - straight line, f/p - necromancer
Aim: a necromancer, wielding a +0 dagger and wearing a +0 robe (chance to frenzy on hit: 44%)
You throw a datura-tipped dart.
The datura-tipped dart hits the necromancer.
The necromancer resists.
The necromancer casts a spell at you. The bolt of cold hits you!!!
You feel a terrible chill!
Ouch! That really hurt!
You die...
Your body crumbles into a pile of gold.

#......#......##.#
#.######.........#
#.######.........#
.......#.........#####
.......#..##.........#
..##.###.........###.#
..##.................#
......#############..#
......#.........@.#..#
##+##.#.###≈§§###.#..#
......#.#..p$$$.#.#..#
......#.#.#####.#.≈(##
####..#.#§ $ .#.≈(#
......#.# ∆ #.≈(#
####+.#.# ∆ #.≈$#
..##..#.# #.≈.#
..##..#.# #.#.#


There were no monsters in sight!

Vanquished Creatures
  Harold (D:10)
  A two-headed ogre (D:10)
  Nergalle (D:10)
  4 hell knights (D:10)
  An unseen horror (D:10)
  Pikel (D:6)
  2 trolls (D:10)
  A merfolk (D:10)
  A hippogriff (D:10)
  3 yaks
  A wyvern (D:10)
  Grum (D:10)
  2 wargs (D:9)
  Edmund (D:4)
  6 hell hounds (D:10)
  Duvessa (D:7)
  3 water moccasins
  An ice beast (D:5)
  4 orc warriors
  A slave (D:7)
  A black bear (D:8)
  A sky beast (D:6)
  6 ogres
  2 eyes of draining (D:10)
  A necrophage (D:5)
  A phantom (D:7)
  4 wolves (D:10)
  2 centaurs
  A crocodile (D:10)
  3 big kobolds (Sewer)
  7 bullfrogs
  A wyvern zombie (D:7)
  A wyvern skeleton (D:8)
  2 scorpions
  4 killer bees (D:8)
  3 wights (D:10)
  4 howler monkeys
  2 bullfrog zombies (D:10)
  A crimson imp (D:10)
  3 orc wizards
  A gnoll shaman (D:9)
  7 orc priests
  A bullfrog skeleton (D:7)
  2 centaur skeletons
  8 hounds
  2 iguanas
  5 worker ants
  A killer bee zombie (D:9)
  A hound skeleton (D:6)
  2 hound zombies
  5 gnolls
  16 adders
  2 river rats (D:3)
  4 oozes (Sewer)
  An adder zombie (D:6)
  7 worms
  2 dart slugs
  2 leopard geckos (D:9)
  22 orcs
  7 bats
  A bat zombie (D:2)
  3 giant cockroaches
  11 goblins
  7 hobgoblins
  6 jackals
  5 quokkas
  7 ball pythons
  7 frilled lizards
  11 kobolds
  A leopard gecko skeleton (D:6)
  A quokka skeleton (D:4)
  16 rats
261 creatures vanquished.

Vanquished Creatures (collateral kills)
  A hell knight (D:10)
  A hell hound (D:10)
2 creatures vanquished.

Vanquished Creatures (others)
  A hell knight (D:10)
  Dowan (D:7)
  2 howler monkeys (D:7)
  An adder (D:7)
  3 orcs (D:7)
  A ball python (D:7)
9 creatures vanquished.

Grand Total: 272 creatures vanquished

Notes
Turn   | Place    | Note
-------+----------+-------------------------------------------
     0 | D:1      | Kagalorn the Gnoll Gladiator began the quest for the Orb.
     0 | D:1      | Reached XP level 1. HP: 20/20 MP: 1/1
     3 | D:1      | Noticed an electric eel
     3 | D:1      | Noticed an electric eel
    46 | D:1      | Reached XP level 2. HP: 23/26 MP: 2/2
   548 | D:1      | Reached XP level 3. HP: 31/31 MP: 3/3
  1229 | D:2      | Reached skill level 1 in Invocations
  1232 | D:2      | Reached skill level 1 in Short Blades
  1232 | D:2      | Reached skill level 1 in Axes
  1232 | D:2      | Reached skill level 1 in Maces & Flails
  1232 | D:2      | Reached skill level 1 in Polearms
  1232 | D:2      | Reached skill level 1 in Staves
  1232 | D:2      | Reached skill level 1 in Slings
  1232 | D:2      | Reached skill level 1 in Bows
  1232 | D:2      | Reached skill level 1 in Crossbows
  1232 | D:2      | Reached skill level 1 in Armour
  1232 | D:2      | Reached skill level 1 in Stealth
  1232 | D:2      | Reached skill level 1 in Shields
  1232 | D:2      | Reached skill level 1 in Unarmed Combat
  1232 | D:2      | Reached skill level 1 in Spellcasting
  1232 | D:2      | Reached skill level 1 in Evocations
  1240 | D:2      | Reached XP level 4. HP: 21/38 MP: 5/5
  1762 | D:2      | Reached skill level 1 in Conjurations
  1762 | D:2      | Reached skill level 1 in Hexes
  1762 | D:2      | Reached skill level 1 in Charms
  1762 | D:2      | Reached skill level 1 in Summonings
  1762 | D:2      | Reached skill level 1 in Necromancy
  1762 | D:2      | Reached skill level 1 in Translocations
  1762 | D:2      | Reached skill level 1 in Transmutations
  1762 | D:2      | Reached skill level 1 in Fire Magic
  1762 | D:2      | Reached skill level 1 in Ice Magic
  1762 | D:2      | Reached skill level 1 in Air Magic
  1762 | D:2      | Reached skill level 1 in Earth Magic
  1762 | D:2      | Reached skill level 1 in Poison Magic
  1982 | D:2      | Found an opulent altar of Gozag.
  1990 | D:2      | Became a worshipper of Gozag Ym Sagoz the Greedy
  2079 | D:3      | Found a stormy altar of Qazlal.
  2277 | D:3      | Reached XP level 5. HP: 43/43 MP: 6/6
  2302 | D:3      | Found an iron altar of Okawaru.
  2585 | D:3      | Found a glowing drain.
  2590 | Sewer    | Entered a sewer
  2710 | Sewer    | Noticed a big kobold
  2729 | Sewer    | Killed a big kobold
  2825 | Sewer    | Reached XP level 6. HP: 50/50 MP: 8/8
  3040 | Sewer    | Reached skill level 5 in Fighting
  3040 | Sewer    | Reached skill level 5 in Throwing
  3423 | D:3      | Reached XP level 7. HP: 56/56 MP: 10/10
  4178 | D:4      | Noticed Edmund
  4210 | D:4      | Killed Edmund
  4210 | D:4      | Reached XP level 8. HP: 44/63 MP: 12/12
  4357 | D:4      | Noticed Sigmund
  4460 | D:5      | Entered Level 5 of the Dungeon
  5508 | D:6      | Found a sacrificial altar of Ru.
  6076 | D:6      | Found a shattered altar of Ashenzari.
  6080 | D:6      | Reached XP level 9. HP: 63/69 MP: 14/14
  6361 | D:6      | Found Roistisk's Serpentskin Sales.
  6953 | D:7      | Found a basalt altar of Yredelemnul.
  6990 | D:7      | Noticed Duvessa
  6993 | D:7      | Noticed Dowan
  7015 | D:7      | Noticed Pikel
  7035 | D:6      | Killed Pikel
  7132 | D:7      | Killed Duvessa
  7163 | D:7      | Killed Dowan
  7398 | D:7      | Reached skill level 5 in Invocations
  7399 | D:7      | Found a staircase to the Ecumenical Temple.
  7438 | Temple   | Entered the Ecumenical Temple
  7958 | D:7      | Found a shadowy altar of Dithmenos.
  7965 | D:7      | Found a white marble altar of Elyvilon.
  8479 | D:8      | Reached XP level 10. HP: 76/77 MP: 17/17
  9675 | D:9      | Reached skill level 5 in Short Blades
  9675 | D:9      | Reached skill level 5 in Axes
  9675 | D:9      | Reached skill level 5 in Maces & Flails
  9675 | D:9      | Reached skill level 5 in Polearms
  9675 | D:9      | Reached skill level 5 in Staves
  9675 | D:9      | Reached skill level 5 in Slings
  9675 | D:9      | Reached skill level 5 in Bows
  9675 | D:9      | Reached skill level 5 in Crossbows
  9675 | D:9      | Reached skill level 5 in Armour
  9675 | D:9      | Reached skill level 5 in Stealth
  9675 | D:9      | Reached skill level 5 in Shields
  9675 | D:9      | Reached skill level 5 in Unarmed Combat
  9675 | D:9      | Reached skill level 5 in Spellcasting
  9675 | D:9      | Reached skill level 5 in Evocations
 10474 | D:9      | HP: 3/79 [killer bee zombie (4)]
 10766 | D:9      | Found a staircase to the Lair.
 11011 | D:10     | Entered Level 10 of the Dungeon
 11203 | D:10     | Killed an unseen horror
 11784 | D:10     | Noticed Harold
 11788 | D:10     | Noticed Nergalle
 11801 | D:10     | Noticed a spectral orc warlord
 11810 | D:10     | Killed Harold
 11810 | D:10     | Reached XP level 11. HP: 66/84 MP: 19/19
 11837 | D:10     | Killed Nergalle
 12254 | D:10     | Reached skill level 5 in Conjurations
 12254 | D:10     | Reached skill level 5 in Hexes
 12254 | D:10     | Reached skill level 5 in Charms
 12254 | D:10     | Reached skill level 5 in Summonings
 12254 | D:10     | Reached skill level 5 in Necromancy
 12254 | D:10     | Reached skill level 5 in Translocations
 12254 | D:10     | Reached skill level 5 in Transmutations
 12254 | D:10     | Reached skill level 5 in Fire Magic
 12254 | D:10     | Reached skill level 5 in Ice Magic
 12254 | D:10     | Reached skill level 5 in Air Magic
 12254 | D:10     | Reached skill level 5 in Earth Magic
 12254 | D:10     | Reached skill level 5 in Poison Magic
 12461 | D:10     | Got a faintly glowing falchion
 12509 | D:10     | Noticed a two-headed ogre
 12531 | D:10     | Killed a two-headed ogre
 13285 | D:10     | Noticed Grum
 13304 | D:10     | Identified the +10 falchion of the Radish {antimagic, rC-
                  | Int+4 Dex+2} (You found it on level 10 of the Dungeon)
 13364 | D:10     | Killed Grum
 13966 | D:10     | Noticed a hell knight
 14021 | D:10     | Killed a hell knight
 14171 | D:10     | Noticed a hell knight
 14230 | D:10     | Killed a hell knight
 14231 | D:10     | Noticed a hell knight
 14296 | D:10     | Killed a hell knight
 14486 | D:10     | Noticed a hell knight
 14487 | D:10     | Noticed a hell knight
 14515 | D:10     | Noticed a necromancer
 14611 | D:10     | Killed a hell knight
 14611 | D:10     | Reached XP level 12. HP: 92/93 MP: 9/22
 14613 | D:10     | Noticed a hell knight
 14613 | D:10     | Noticed a hell knight
 14614 | D:10     | Killed a hell knight
 14723 | D:10     | Killed from afar by a necromancer

Illustrated notes

Levels and vault maps discovered:
D:1:      arrival_aquarium_b, layout_loops_cross, serial_co_window_serial,
          co_window_of_opportunity_a, co_window_paths_a, co_window_paths_b,
          co_window_cross_1, co_window_paths_b, co_window_corner_a,
          co_window_paths_a, co_window_cross_4, co_window_corner_cb,
          co_window_broadway_b, co_window_unsneaky_path_e, co_window_broadway_b,
          co_window_corner_b, glass_columns_b, glass_columns_b, glass_columns_a,
          glass_columns_c, glass_columns_a
D:2:      layout_loops_ring, lemuel_coloured_pillars_altar, first_ration,
          minmay_box_of_dots
D:3:      layout_basic, old_standard_altar, nicolae_qazlal_general_emergency,
          lightli_sewer_entry_pipes, serial_glass, glass_columns_c,
          glass_columns_b
D:4:      layout_cave_pools, sigmund_edmund_badplayer
D:5:      layout_basic
D:6:      layout_cave_pools, nicolae_ru_great_annihilating_truth,
          evilmike_ruin_ashenzari, serial_park, serial_park_tiny_pond,
          serial_park_square3 [serial_park_minivault_5x5_7],
          serial_park_square2, guppyfry_shop_venom
D:7:      layout_basic, minitemple, kennysheep_little_box,
          minmay_temple_entry_tees, uniq_pikel, uniq_duvessa
D:8:      layout_basic
D:9:      layout_gridville, erik_lair_orcish_takeover
D:10:     layout_stronghold, hangedman_fish_farm, minmay_rotating_lava,
          uniq_nergalle, uniq_grum, uniq_harold
Temple:   minmay_temple_curvy_branch

Skill      XL: |  1  2  3  4  5  6  7  8  9 10 11 |
---------------+----------------------------------+-----
Invocations    | 1 2 3 4 5 6 7 |  7.4
Short Blades   | 1 2 3 4 5 6 |  6.8
Axes           | 1 2 3 4 5 6 |  6.8
Maces & Flails | 1 2 3 4 5 6 |  6.8
Polearms       | 1 2 3 4 5 6 |  6.8
Staves         | 1 2 3 4 5 6 |  6.8
Slings         | 1 2 3 4 5 6 |  6.8
Bows           | 1 2 3 4 5 6 |  6.8
Crossbows      | 1 2 3 4 5 6 |  6.8
Armour         | 1 2 3 4 5 6 |  6.8
Stealth        | 1 2 3 4 5 6 |  6.8
Shields        | 1 2 3 4 5 6 |  6.8
Unarmed Combat | 1 2 3 4 5 6 |  6.8
Spellcasting   | 1 2 3 4 5 6 |  6.8
Evocations     | 1 2 3 4 5 6 |  6.8
Conjurations   | 1 2 3 4 5 |  5.6
Hexes          | 1 2 3 4 5 |  5.6
Charms         | 1 2 3 4 5 |  5.6
Summonings     | 1 2 3 4 5 |  5.6
Necromancy     | 1 2 3 4 5 |  5.6
Translocations | 1 2 3 4 5 |  5.6
Transmutations | 1 2 3 4 5 |  5.6
Fire Magic     | 1 2 3 4 5 |  5.6
Ice Magic      | 1 2 3 4 5 |  5.6
Air Magic      | 1 2 3 4 5 |  5.6
Earth Magic    | 1 2 3 4 5 |  5.6
Poison Magic   | 1 2 3 4 5 |  5.6
Fighting       | 5 6 7 8 |  8.3
Throwing       | 5 6 7 8 |  8.3
Long Blades    | 7 8 9 |  9.5
Dodging        | 7 8 9 |  9.5

Action                   |  1- 3 |  4- 6 |  7- 9 | 10-12 || total
-------------------------+-------+-------+-------+-------++-------
Melee: Long sword        |    64 |   214 |   493 |   631 ||  1402
       Bite              |    13 |    33 |    74 |   124 ||   244
       Punch             |       |     5 |       |       ||     5
       Falchion          |       |       |       |    84 ||    84
Throw: Dart              |       |       |    38 |   126 ||   164
Invok: Potion Petition   |       |       |       |     1 ||     1
Evoke: Wand              |       |       |       |     6 ||     6
  Use: Scroll            |       |       |    10 |     4 ||    14
       Potion            |       |       |     1 |     4 ||     5
 Stab: Sleeping          |     1 |     4 |       |       ||     5
       Distracted        |       |       |     2 |     1 ||     3
       Paralysed         |       |       |     2 |       ||     2
  Eat: Chunk             |       |     3 |       |       ||     3
       Ration            |       |     2 |     5 |     6 ||    13
Armor: Leather armour    |     8 |    60 |       |       ||    68
       Plate armour      |       |       |   234 |   391 ||   625
       Skin              |       |       |    15 |    35 ||    50
Dodge: Dodged            |    57 |   145 |    99 |   215 ||   516
Block: Kite shield       |       |       |   250 |   402 ||   652
       Rpst.: Long sword |    23 |    50 |    28 |    42 ||   143
       Falchion          |       |       |       |     7 ||     7
